 Dungeon Crawl Stone Soup version 0.31-a0-986-g5e6e4ef867 (webtiles) character file.

Game seed: 5227011229681388567

225 Zonian the Magician (level 5, 0/26 (28) HPs)
             Began as a Deep Elf Earth Elementalist on Nov 22, 2023.
             Was an Initiate of Vehumet.
             Killed by divine providence
             ... invoked by an orc priest
              (10 damage)
             ... on level 4 of the Dungeon.
             The game lasted 00:06:06 (4062 turns).

Zonian the Magician (Deep Elf Earth Elementalist)   Turns: 4062, Time: 00:06:07

HP:   0/26 (28)     AC:  9    Str:  5    XL:     5   Next: 68%
MP:   4/13          EV: 13    Int: 22    God:    Vehumet [......]
Gold: 174           SH:  0    Dex: 15    Spells: 9/13 levels left

rFire   . . .        t - +4 short sword "Hiatoot" {flame, rN+ rCorr SInv, short}
rCold   . . .        (no shield)
rNeg    + . .        a - +0 robe
rPois   .            (no helmet)
rElec   .            c - +1 cloak
rCorr   +            p - +1 pair of gloves
SInv    +            j - +2 pair of boots
Will    .....        (no amulet)
Stlth   +++          (no ring)
HPRegen 0.24/turn    (no ring)
MPRegen 0.13/turn

%: no passive effects
@: drained
A: no striking features
a: Renounce Religion


You were on level 4 of the Dungeon.
You worshipped Vehumet.
Vehumet was noncommittal.
You visited 1 branch of the dungeon, and saw 4 of its levels.

You collected 174 gold pieces.


   Skills:
 + Level 3.8 Dodging
 + Level 4.0 Stealth
 + Level 4.6 Spellcasting
 + Level 1.0 Conjurations
 - Level 2.4 Transmutations
 + Level 4.2 Earth Magic


You had 9 spell levels left.
You knew the following spells:

 Your Spells              Type           Power      Damage    Failure   Level
a - Sandblast             Erth           46%        2d11      1%          1
b - Stone Arrow           Conj/Erth      32%        3d9       11%         3

Your spell library contained the following spells:

 Spells                   Type           Power      Damage    Failure   Level
 Passwall                 Tmut/Erth      15%        N/A       4%          2
 Kiss of Death            Conj/Necr      28%        2d7       9%          1
 Momentum Strike          Conj/Tloc      14%        3d8       13%         2
 Blink                    Tloc           10%        N/A       16%         2
 Lesser Beckoning         Tloc           10%        N/A       16%         2
 Petrify                  Tmut/Erth      19%        N/A       26%         4
 Confusing Touch          Hex            5%         N/A       32%         3
 Summon Guardian Golem    Hex/Summ       5%         N/A       32%         3
 Brom's Barrelling Bould  Conj/Erth      16%        2d4       34%         4
 Dispel Undead            Necr           5%         3d7       71%         4
 Manifold Assault         Tloc           5%         N/A       71%         4
 Dispersal                Tloc           2%         N/A       100%        6
 Orb of Destruction       Conj           4%         9d5       100%        7
 Spellforged Servitor     Conj/Summ      3%         N/A       100%        7
 Disjunction              Tloc           2%         N/A       100%        8

Inventory:

Hand Weapons
 d - a +0 dagger {short}
   (You took it off a goblin on level 1 of the Dungeon)
 n - a +0 short sword {short}
   (You took it off a kobold on level 2 of the Dungeon)
 t - the +4 short sword "Hiatoot" (weapon) {flame, rN+ rCorr SInv, short}
   (You found it on level 4 of the Dungeon)

   rN+:       It protects you from negative energy.
   SInv:      It lets you see invisible.
   rCorr:     It protects you from acid and corrosion.
 v - a +2 falchion of draining {long}
   (You took it off an orc on level 4 of the Dungeon)
Armour
 a - a +0 robe (worn)
 c - a +1 cloak (worn)
   (You found it on level 1 of the Dungeon)
 j - a +2 pair of boots (worn)
   (You found it on level 2 of the Dungeon)
 p - a +1 pair of gloves (worn)
   (You found it on level 3 of the Dungeon)
 u - a +0 buckler
   (You found it on level 3 of the Dungeon)
Jewellery
 o - an amulet of regeneration {@e2}
   (You took it off an orc on level 2 of the Dungeon)
 r - an amulet of guardian spirit
   (You found it on level 3 of the Dungeon)
 s - a ring of protection from fire
   (You found it on level 3 of the Dungeon)
Potions
 b - a potion of magic
 e - a potion of enlightenment
 f - a potion of attraction {!q}
 g - a potion of brilliance {unknown}
 h - a potion of mutation {!q}
 i - a potion of berserk rage {!q}
 k - a potion of curing {unknown}
 l - a potion of might {unknown}
 m - a potion of heal wounds {unknown}
 q - a potion of invisibility

Dungeon Overview and Level Annotations

Branches:
Dungeon (4/15) Zot: 19881
 Temple: D:4-7

Altars:
Vehumet

........#
#........#
#........#
#........#
#........##
###...
#.....!..' >...
..##
#.......o##..#
.....
#........@...#
.....
######'####.#
...... #.# ..#
......### #.#
#.# #....)#
#.### #.#
#####))
#...####.##
########
#...#.....#
#.......
#.#.#.##..#
#.######
#.##...#..###.#


You could see an orc priest.


Message History

There is a stone staircase leading down here. 😨 HP[+1] Unknown command.
You start resting. 😨 MP[+1]
Your mp is fully restored (13).
You start resting. 😎 HP[+14]
Your hp is fully restored (26).
You start waiting.
Done waiting.
You climb downwards.
The orc priest looks braver for a moment.
There is a stone staircase leading up here.
Unknown command.
The hobgoblin misses you.
You climb upwards.
There is a stone staircase leading down here.
Unknown command.
The blast of sand hits the hobgoblin!
You kill the hobgoblin!
Vehumet accepts your kill. 😎 MP[-1]
You lost 1 mp, and now have 12/13 mp.
You can't see any susceptible monsters within range! (Use Z to cast anyway.) Unknown command.
You start resting. 😎 MP[+1]
Your mp is fully restored (13).
You start waiting.
Done waiting.
You climb downwards.
The orc priest shoots a sling bullet.
The sling bullet hits you.
There is a stone staircase leading up, spattered with blood here. 😕 HP[-2]
You take 2 damage, and now have 24/26 hp.
Unknown command.
The blast of sand hits the orc priest but does no damage.
The orc priest shoots a sling bullet.
The sling bullet hits you. 😕 MP[-1]
You lost 1 mp, and now have 12/13 mp.
The blast of sand hits the orc priest!
The orc priest shoots a sling bullet.
The sling bullet misses you. 😕 MP[-1]
You lost 1 mp, and now have 11/13 mp.
The blast of sand hits the orc priest but does no damage.
The orc priest shoots a sling bullet.
The sling bullet closely misses you.
The orc priest shoots a sling bullet.
The sling bullet misses you. 😕 MP[-1]
You lost 1 mp, and now have 10/13 mp.
The blast of sand hits the orc priest but does no damage.
The orc priest calls down the wrath of Beogh upon you.
Pain shoots through your body! 😕 HP[-4] MP[-1]
You take 4 damage, and now have 20/26 hp.
You lost 1 mp, and now have 9/13 mp.
The blast of sand hits the orc priest but does no damage.
The orc priest shoots a sling bullet.
The sling bullet closely misses you.
The blast of sand hits the orc priest but does no damage.
The orc priest shoots a sling bullet.
The sling bullet hits you but does no damage. 😕 MP[-1]
You lost 1 mp, and now have 8/13 mp.
The blast of sand hits the orc priest but does no damage.
The orc priest shoots a sling bullet.
The sling bullet hits you but does no damage. 😕 HP[+1] MP[-1]
You lost 1 mp, and now have 7/13 mp.
Unknown command.
The blast of sand hits the orc priest but does no damage.
The orc priest unwields a +0 sling.
The orc priest wields a +0 trident.
The orc priest barely misses you. 😕 MP[-1]
You lost 1 mp, and now have 6/13 mp.
The blast of sand hits the orc priest but does no damage.
The orc priest calls down the wrath of Beogh upon you.
Beogh smites you!
* * * LOW HITPOINT WARNING * * *
The orc priest closely misses you. 😨 HP[-11] MP[-1]
You take 11 damage, and now have 10/26 hp.
MASSIVE DAMAGE!! (PAUSE)
You lost 1 mp, and now have 5/13 mp.
Casting: Sandblast (safe; 1% risk of failure)
Confirm with . or Enter, or press ? or * to list all spells.
Aiming: Sandblast (safe; 1% risk of failure)
Press: ? - help, Shift-Dir - straight line, f/p - orc priest
Aim: an orc priest, wielding a +0 trident and wearing a +0 chain mail (heavily wounded, 87% to hit)
The blast of sand hits the orc priest but does no damage.
The orc priest closely misses you.
Unknown command.
Casting: Sandblast (safe; 1% risk of failure)
Confirm with . or Enter, or press ? or * to list all spells.
Aiming: Sandblast (safe; 1% risk of failure)
Press: ? - help, Shift-Dir - straight line, f/p - orc priest
Aim: an orc priest, wielding a +0 trident and wearing a +0 chain mail (heavily wounded, 87% to hit)
The blast of sand hits the orc priest!
The orc priest mumbles some strange prayers to Beogh against you.
Beogh smites you!
You die...

Skill      XL: |  1  2  3  4  5 |
---------------+----------------+-----
Stealth        | 3 4 |  4.0
Dodging        | 3 |  3.8
Transmutations | 2 |  2.4
Spellcasting   | 4 |  4.6
Earth Magic    | 4 |  4.2
Conjurations   | 1 |  1.0

Action                     |  1- 3 |  4- 6 || total
---------------------------+-------+-------++-------
  Melee: Dagger            |     1 |       ||     1
         Short sword       |       |     3 ||     3
   Cast: Sandblast         |    46 |    64 ||   110
    Use: Scroll            |       |     9 ||     9
   Stab: Sleeping          |       |     1 ||     1
 Armour: Robe              |     3 |    24 ||    27
  Dodge: Dodged            |     8 |    22 ||    30

Levels and vault maps discovered:
D:1:      lemuel_arrival_behind_the_door_small, layout_loops_corners,
          hellmonk_ecumenical_altar_slurped_away
D:2:      cheibrodos_pilgrimage, layout_basic
D:3:      layout_loops_ring, nicolae_vehumet_radiance
D:4:      layout_basic, trog_antimagical

Notes
Turn   | Place    | Note
-------+----------+-------------------------------------------
     0 | D:1      | Zonian the Deep Elf Earth Elementalist began the quest for
                  | the Orb.
     0 | D:1      | Reached XP level 1. HP: 10/10 MP: 6/6
     0 | D:1      | magus.rc [v1.9.6]
   324 | D:1      | Reached XP level 2. HP: 15/15 MP: 6/8
   652 | D:1      | You pick up a book of Dangerous Friends and begin
                  | reading...
   652 | D:1      | You add the spells Summon Guardian Golem, Orb of
                  | Destruction and Spellforged Servitor to your library.
   701 | D:1      | Found a faded altar of an unknown god.
   899 | D:1      | Reached skill level 3 in Stealth
  1064 | D:2      | Reached XP level 3. HP: 19/19 MP: 6/9
  1139 | D:2      | You pick up a book of the Warp and begin reading...
  1139 | D:2      | You add the spells Manifold Assault, Dispersal and
                  | Disjunction to your library.
  1226 | D:2      | You pick up a book of Spatial Translocations and begin
                  | reading...
  1226 | D:2      | You add the spells Blink, Momentum Strike and Lesser
                  | Beckoning to your library.
  1415 | D:2      | Reached skill level 3 in Dodging
  1556 | D:2      | Reached skill level 2 in Transmutations
  1624 | D:2      | Reached XP level 4. HP: 10/24 MP: 7/11
  1684 | D:2      | Reached skill level 4 in Spellcasting
  1993 | D:3      | You pick up a book of Touch and begin reading...
  1993 | D:3      | You add the spells Kiss of Death, Confusing Touch and
                  | Dispel Undead to your library.
  1998 | D:3      | Reached skill level 4 in Earth Magic
  2014 | D:3      | Found a radiant altar of Vehumet.
  2031 | D:3      | Became a worshipper of Vehumet
  2460 | D:3      | Reached XP level 5. HP: 28/28 MP: 11/13
  2908 | D:3      | Learned a level 3 spell: Stone Arrow
  2983 | D:4      | HP: 7/28 [iguana (7)]
  3381 | D:4      | Identified the +4 short sword "Hiatoot" {flame, rN+ rCorr
                  | SInv}
  3497 | D:4      | Reached skill level 4 in Stealth
  3497 | D:4      | Reached skill level 1 in Conjurations
  4062 | D:4      | Killed from afar by an orc priest

Vanquished Creatures
  An orc priest (D:2)
  An iguana (D:4)
  An orc wizard (D:4)
  6 adders
  2 worms
  A dart slug (D:3)
  7 orcs
  8 bats
  4 endoplasms
  4 giant cockroaches
  7 goblins
  8 hobgoblins
  7 kobolds
  3 quokkas
  5 ball pythons
  A frilled lizard (D:3)
  4 rats
70 creatures vanquished.

Table legend:
 A = Non-vault XP
 B = Vault XP
 C = Vault XP percentage of total XP
 D = Non-vault monster count
 E = Vault monster count
 F = Vault count percentage of total count
                 A         B        C        D         E       F
            +---------+---------+-------+---------+---------+-------
      Total |     270 |      52 |  16.1 |      66 |       4 |   5.7
            +---------+---------+-------+---------+---------+-------
        D:1 |      37 |       2 |   5.1 |      21 |       1 |   4.5
        D:2 |      50 |      50 |  50.0 |      14 |       3 |  17.6
        D:3 |      59 |       0 |   0.0 |      18 |       0 |   0.0
        D:4 |     124 |       0 |   0.0 |      13 |       0 |   0.0
            +---------+---------+-------+---------+---------+-------

Skill      XL: |  1  2  3  4  5 |
---------------+----------------+-----
Stealth        | 3 4 |  4.0
Dodging        | 3 |  3.8
Transmutations | 2 |  2.4
Spellcasting   | 4 |  4.6
Earth Magic    | 4 |  4.2
Conjurations   | 1 |  1.0

Action                     |  1- 3 |  4- 6 || total
---------------------------+-------+-------++-------
  Melee: Dagger            |     1 |       ||     1
         Short sword       |       |     3 ||     3
   Cast: Sandblast         |    46 |    64 ||   110
    Use: Scroll            |       |     9 ||     9
   Stab: Sleeping          |       |     1 ||     1
 Armour: Robe              |     3 |    24 ||    27
  Dodge: Dodged            |     8 |    22 ||    30

Illustrated notes

Table legend:
 A = Kills in this place as a percentage of kills in the entire game.
 B = Kills by you in this place as a percentage of kills by you in the entire game.
 C = Kills by friends in this place as a percentage of kills by friends in the entire game.
 D = Other kills in this place as a percentage of other kills in the entire game.
 E = Experience gained in this place as a percentage of experience gained in the entire game.
 F = Experience gained in this place divided by the number of levels of this place that you have seen.
                   A       B       C       D       E      F
               +-------+-------+-------+-------+-------+----------------------
         Total | 100.0 | 100.0 |   N/A |   N/A | 100.0 |  80.5
       Dungeon | 100.0 | 100.0 |   N/A |   N/A | 100.0 |  80.5
               +-------+-------+-------+-------+-------+----------------------

Table legend: (Time is in decaauts)
 A = Elapsed time spent in this place.
 B = Non-inter-level travel time spent in this place.
 C = Inter-level travel time spent in this place.
 D = Time resting spent in this place.
 E = Time spent auto-exploring this place.
 F = Levels seen in this place.
 G = Mean time per level.
                   A        B        C        D        E       F      G
               +--------+--------+--------+--------+--------+-----+--------+
         Total |   4117 |   4028 |     89 |   1016 |   2493 |   4 | 1029.2 |
       Dungeon |   4117 |   4028 |     89 |   1016 |   2493 |   4 | 1029.2 |
               +--------+--------+--------+--------+--------+-----+--------+

Top non-repeatable levels by time:
     D:3: 1318 daAuts
     D:1: 1074 daAuts
     D:4: 934 daAuts
     D:2: 789 daAuts
